 Dungeon Sprint DCSS version 0.29.1-2-gbd0b4ee654 (webtiles) character file.

Game seed: 9760681482087070090

102 Zeld the Chopper (level 4, -8/61 (66) HPs)
             Began as a Minotaur Berserker on Oct 31, 2022.
             Was a Follower of Trog.
             Killed by divine providence
             ... invoked by a smoke demon
              (10 damage)
             ... in the Dungeon (Sprint VII: "The Pits").
             The game lasted 00:00:12 (25 turns).

Zeld the Chopper (Minotaur Berserker)                 Turns: 25, Time: 00:00:12

HP:   -8/61 (66)    AC:  2    Str: 23    XL:     4   Next: 49%
MP:   3/3           EV: 13    Int:  4    God:    Trog [*.....]
Gold: 0             SH:  0    Dex: 10    Spells: 3/3 levels left

rFire   . . .      SeeInvis .   a - +0 hand axe
rCold   . . .      Faith    .   (no shield)
rNeg    . . .      Spirit   .   b - +0 animal skin
rPois   .          Reflect  .   (helmet restricted)
rElec   .          Harm     .   (no cloak)
rCorr   .          Rampage  .   (no gloves)
Will    .....      NoTele   +   (no boots)
Stlth   ..........              (no amulet)
HPRegen 0.20/turn               (no ring)
MPRegen 0.08/turn               (no ring)

@: berserking (expiring), drained, very quick
A: horns 2, retaliatory headbutt
a: Renounce Religion, Berserk


You were in the Dungeon.
You worshipped Trog.
Trog was aware of your devotion.
You visited 1 branch

Inventory:

Hand Weapons
 a - a +0 hand axe (weapon)
Armour
 b - a +0 animal skin (worn)
Scrolls
 h - a scroll of blinking
Potions
 c - a potion of curing
 e - a potion of haste
 f - 2 potions of magic
 g - a potion of berserk rage


   Skills:
 + Level 6.0 Fighting
 * Level 7.7 Axes
 + Level 5.3 Armour
 + Level 4.8 Dodging


You had 3 spell levels left.
You didn't know any spells.
Your spell library was empty.

Dungeon Overview and Level Annotations

Branches:
Dungeon (1/1)

Altars:


Innate Abilities, Weirdness & Mutations

You have a pair of horns on your head.
You reflexively headbutt those who attack you in melee.


Message History

Unknown command.
Unknown command.
Unknown command.
You slash the wight!
The wight is almost destroyed.
You barely miss the wight. The wight closely misses you.
Unknown command.
You hit the wight but do no damage.
The wight is almost destroyed.
You closely miss the wight. The wight hits you with a +3 dagger!
You feel drained. The wight closely misses you.
Unknown command.
Unknown command.
You hit the wight but do no damage. You headbutt the wight.
You destroy the wight!
Trog accepts your kill.
You closely miss the wight. You hit the wight.
Your life force feels restored.
Your Fighting skill increases to level 6!
Your Axes skill increases to level 7!
Your Armour skill increases to level 5!
You have reached level 4!
You feel agile.
Unknown command.
Unknown command.
Unknown command.
You barely miss the wight. You slash the wight! The wight closely misses you.
The wight hits you with a +0 falchion.
You feel drained.
Unknown command.
You barely miss the wight. You headbutt the wight!
The wight is severely damaged.
You slash the smoke demon! You hit the wight but do no damage.
The wight hits you with a +3 dagger!
* * * LOW HITPOINT WARNING * * *
The wight hits you with a +0 falchion.
* * * LOW HITPOINT WARNING * * *
You feel drained.
* * * LOW HITPOINT WARNING * * *
The smoke demon gestures at you. Something smites you!
You die...

##########++######
#................#
#......#..#......#
#................+
+................+
#......#.z#......#
#........@z......#
####'#####3'######
#.......##''#
#.......##....
#.......##.....
#...<...##.....#
#.......##...###
#.......##..##
#.......#


You could see a smoke demon and 2 wights.

Vanquished Creatures
  2 wights (D)
2 creatures vanquished.

Notes
Turn   | Place    | Note
-------+----------+-------------------------------------------
     0 | D        | Zeld the Minotaur Berserker began the quest for the Orb.
     0 | D        | Reached XP level 1. HP: 19/19 MP: 0/0
    11 | D        | Noticed a wight
    11 | D        | Noticed a wight
    11 | D        | Noticed a smoke demon
    11 | D        | Noticed a wight
    11 | D        | Noticed a wight
    20 | D        | Killed a wight
    21 | D        | Reached skill level 5 in Fighting
    21 | D        | Reached skill level 6 in Axes
    21 | D        | Reached XP level 2. HP: 25/29 MP: 1/1
    21 | D        | Reached XP level 3. HP: 32/36 MP: 2/2
    23 | D        | Killed a wight
    24 | D        | Reached skill level 7 in Axes
    24 | D        | Reached skill level 5 in Armour
    24 | D        | Reached XP level 4. HP: 27/44 MP: 3/3
    25 | D        | HP: 2/61 [wight/+0 falchion (2)]
    25 | D        | Killed from afar by a smoke demon

Illustrated notes

Levels and vault maps discovered:
D:        pitsprint [storerooms_1, entrance_room_1, metal_vault_4, armoury_1,
          mini_pit_1, grid_room_1, main_hall_1, silver_pit, the_coven_3,
          the_vestibule_1, steel_vault_4, golden_pit, hallway_of_sentries,
          crystal_vault_5, iron_vault_3, final_vault]

Skill      XL: |  1  2  3 |
---------------+----------+-----
Fighting       | 5 6 |  6.0
Axes           | 6 7 |  7.7
Armour         | 4 5 |  5.3
Dodging        | 4 |  4.8

Action                   |  1- 3 |  4- 6 || total
-------------------------+-------+-------++-------
Melee: Hand axe          |     7 |     2 ||     9
       Headbutt          |     2 |     1 ||     3
Invok: Berserk           |     1 |       ||     1
  Use: Potion            |     1 |       ||     1
Dodge: Dodged            |     4 |     1 ||     5
